AoeStats
← LSKingdom9970

Arena

510325521Analyzed
1v1 RM · 3d ago on Sep 30, 2026· 36m 28s· 2 players
Game mode
Random Map
Map size
Tiny (2 player)
Population
200
Speed
Normal
Resources
Standard
Victory
Conquest
Starting age
Dark Age
Ending age
Imperial Age
RankedLock teamsTeams togetherTeam positionsShared explorationLock speedFull tech treeHidden civsTurbo modeCheats
Victory
Defeat
🇧🇷 Saxons · Brazil
1783
+13
🇩🇪 Varangians · Germany
1727
-13
RiseoftheRuben
10:27 Feudal Age
14:05 Castle Age
12:16 Horse Collar
12:57 Double-Bit Axe
17:21 Light Cavalry
23:28 Wheelbarrow
24:17 Bow Saw
24:45 Loom
25:48 Town Watch
26:14 Heavy Plow
28:51 Imperial Age
26:16 Gold Mining
26:33 Husbandry
27:06 Bloodlines
27:06 Scale Barding Armor
27:15 Forging
27:11 Stone Mining
28:07 Hand Cart
28:05 Scale Barding Armor
29:23 Masonry
29:58 Devotion
30:42 Architecture
31:59 Iron Casting
33:46 Chain Barding Armor
34:34 Blast Furnace
34:36 Conscription
34:07 Elite Jarl
36:21 Chain Barding Armor
35:52 Fletching
LSKingdom9970
10:14 Feudal Age
11:49 Wheelbarrow
14:00 Castle Age
11:50 Double-Bit Axe
12:39 Horse Collar
19:43 Squires
22:33 Wheelbarrow
27:46 Imperial Age
25:41 Bow Saw
25:25 Gold Mining
26:00 Scale Mail Armor
26:32 Heavy Plow
26:38 Loom
26:40 Town Watch
27:43 Gold Shaft Mining
29:46 Conscription
29:43 Forging
29:38 Shield Wall
30:16 Fletching
30:36 Gambesons
30:38 Arson
30:43 Crossbowman
32:05 Ballistics
32:22 Bodkin Arrow
33:37 Chemistry
33:59 Thumb Ring
34:19 Masonry
33:49 Treadmill Crane
34:19 Masonry
34:45 Bracer
34:47 Padded Archer Armor
34:42 Arbalester
36:38 Chain Mail Armor
37:08 Iron Casting
36:06 Elite Varangian Guard
Connection lost

Rejoining the realm…

Still unreachable

The connection could not be restored.

Session expired

The server has moved on; the page needs a fresh start.